[ AOE2 MATCH · #480074967 ]
UnrankedKhitans vs Koreans
[ REPLAY ANALYSIS · EXTRACTED FROM THE RECORDED GAME ]
Feudal
12:44
Castle
16:15
Imperial
35:56
| APM avg | 48.0 |
| APM peak | 78 |
| eAPM avg | 24.0 |
| Villagers / military | 128 / 146 |
Focus
⚔️ 35.6% · 🌾 64.4%
Scout Cavalry ×82 · Cavalry Archer ×34 · Battering Ram ×22 · Unknown (1920) ×21 · Iron Pagoda ×4 · Trebuchet (Packed) ×4
Feudal
9:16
Castle
—
Imperial
—
| APM avg | 9.3 |
| APM peak | 52 |
| eAPM avg | 4.4 |
| Villagers / military | 53 / 0 |
Focus
⚔️ 15.2% · 🌾 84.8%
Feudal
10:45
Castle
22:06
Imperial
39:17
| APM avg | 28.5 |
| APM peak | 53 |
| eAPM avg | 19.4 |
| Villagers / military | 118 / 9 |
Focus
⚔️ 28.5% · 🌾 71.5%
Unknown (1949) ×102 · Petard ×5 · Battering Ram ×3 · Unknown (1942) ×2 · Mangonel ×1
Feudal
9:59
Castle
16:14
Imperial
34:19
| APM avg | 38.0 |
| APM peak | 71 |
| eAPM avg | 22.4 |
| Villagers / military | 149 / 211 |
Focus
⚔️ 52.8% · 🌾 47.2%
Spearman ×124 · Skirmisher ×25 · Scout Cavalry ×20 · Monk ×19 · Scorpion ×7 · Conquistador ×7
Feudal
9:01
Castle
22:19
Imperial
37:44
| APM avg | 25.3 |
| APM peak | 65 |
| eAPM avg | 14.9 |
| Villagers / military | 140 / 147 |
Focus
⚔️ 35.3% · 🌾 64.7%
Knight ×130 · Scout Cavalry ×15 · Monk ×2
Feudal
13:23
Castle
17:03
Imperial
38:19
| APM avg | 27.8 |
| APM peak | 91 |
| eAPM avg | 14.7 |
| Villagers / military | 117 / 99 |
Focus
⚔️ 24.2% · 🌾 75.8%
Spearman ×68 · Archer ×28 · Trebuchet (Packed) ×3
Feudal
11:42
Castle
18:57
Imperial
39:26
| APM avg | 16.1 |
| APM peak | 31 |
| eAPM avg | 12.1 |
| Villagers / military | 117 / 97 |
Focus
⚔️ 35.1% · 🌾 64.9%
Battle Elephant ×37 · Scorpion ×31 · Arambai ×29
Feudal
11:38
Castle
16:03
Imperial
—
| APM avg | 7.4 |
| APM peak | 46 |
| eAPM avg | 4.4 |
| Villagers / military | 56 / 1 |
Focus
⚔️ 21.7% · 🌾 78.3%
Monk ×1
Match map
Initial resources + every placement click. Lines = walls · curves = elevation contours. ◆ gold · ⬟ stone · ● berries · ✦ relic · ◌ wall gap
Your base· ✓ Closed at 16:15 · 39t walls · 2 gate(s)
jtdesign8's base· Open — unwalled flank
Clancy |-/'s base· ✓ Closed at 22:06 · 25t walls · 5 gate(s)
•ST4•'s base· ✓ Closed at 16:14 · 25t walls · 3 gate(s)
[Traidor] Christoffel's base· ✓ Closed at 22:19 · 17t walls · 3 gate(s)
Jason Bourne's base· Open — 5t gap
jerius02's base· ✓ Closed at 18:57 · 36t walls · 2 gate(s)
黑石塔's base· Open — unwalled flank
Smoothed initial terrain · ◌ = detected wall gap · hover for details
Inputs per minute
— Polenta - - jtdesign8
Build order — Polenta
First 150 of 551 actions detected
| 0:01 | Create | Villager (Male) |
| 0:01 | Create | Villager (Male) |
| 0:02 | Create | Villager (Male) |
| 0:03 | Build | House |
| 0:04 | Build | House |
| 0:07 | Build | House |
| 0:09 | Create | Villager (Male) |
| 0:09 | Create | Villager (Male) |
| 1:24 | Create | Villager (Male) |
| 1:50 | Create | Villager (Male) |
| 2:11 | Build | Lumber Camp |
| 2:21 | Create | Villager (Male) |
| 2:21 | Create | Villager (Male) |
| 2:22 | Create | Villager (Male) |
| 2:22 | Create | Villager (Male) |
| 2:51 | Create | Villager (Male) |
| 2:52 | Create | Villager (Male) |
| 3:00 | Create | Villager (Male) |
| 3:00 | Create | Villager (Male) |
| 3:32 | Create | Villager (Male) |
| 3:33 | Create | Villager (Male) |
| 3:46 | Create | Villager (Male) |
| 3:59 | Build | House |
| 4:12 | Build | Palisade Wall |
| 4:29 | Create | Villager (Male) |
| 4:30 | Create | Villager (Male) |
| 4:30 | Create | Villager (Male) |
| 4:42 | Build | House |
| 4:58 | Create | Villager (Male) |
| 5:02 | Build | Palisade Wall |
| 5:02 | Build | Palisade Wall |
| 5:03 | Build | Palisade Wall |
| 5:04 | Build | Palisade Wall |
| 5:25 | Create | Villager (Male) |
| 5:38 | Build | Mill |
| 5:47 | Create | Villager (Male) |
| 6:14 | Create | Villager (Male) |
| 6:35 | Create | Villager (Male) |
| 6:56 | Build | Palisade Wall |
| 6:59 | Build | Palisade Wall |
| 7:01 | Build | Palisade Wall |
| 7:02 | Create | Villager (Male) |
| 7:13 | Build | Mill |
| 7:27 | Create | Villager (Male) |
| 7:54 | Create | Villager (Male) |
| 8:06 | Build | House |
| 8:14 | Create | Villager (Male) |
| 8:31 | Build | Mining Camp |
| 8:47 | Create | Villager (Male) |
| 9:25 | Create | Villager (Male) |
| 9:34 | Build | Palisade Wall |
| 9:35 | Build | Palisade Wall |
| 9:46 | Research | Loom |
| 9:55 | Build | Mining Camp |
| 10:00 | Build | Palisade Wall |
| 10:34 | Research | Feudal Age |
| 10:41 | Build | Pasture |
| 11:33 | Create | Villager (Male) |
| 11:33 | Create | Villager (Male) |
| 12:44 | Age | Feudal Age |
| 12:46 | Build | Blacksmith |
| 12:47 | Create | Villager (Male) |
| 12:49 | Build | Market |
| 12:56 | Research | Double-Bit Axe |
| 13:16 | Build | House |
| 13:35 | Research | Castle Age |
| 14:01 | Build | Palisade Wall |
| 14:17 | Research | Tech 1014 |
| 14:17 | Research | Tech 1014 |
| 14:35 | Build | Pasture |
| 15:38 | Research | Scale Mail Armor |
| 16:15 | Age | Castle Age |
| 16:17 | Build | Castle |
| 16:21 | Build | Castle |
| 16:24 | Research | Bow Saw |
| 16:26 | Create | Villager (Male) |
| 16:48 | Create | Villager (Male) |
| 16:51 | Build | Palisade Wall |
| 17:11 | Build | Pasture |
| 17:16 | Build | Pasture |
| 17:18 | Create | Villager (Male) |
| 17:23 | Build | Mining Camp |
| 17:31 | Build | Pasture |
| 17:32 | Create | Villager (Male) |
| 17:38 | Build | House |
| 17:42 | Create | Unit 1920 |
| 17:43 | Create | Unit 1920 |
| 17:43 | Create | Unit 1920 |
| 17:49 | Create | Villager (Male) |
| 18:08 | Create | Villager (Male) |
| 18:17 | Create | Villager (Male) |
| 18:17 | Create | Villager (Male) |
| 18:25 | Create | Villager (Male) |
| 18:25 | Create | Villager (Male) |
| 18:26 | Create | Villager (Male) |
| 18:34 | Create | Unit 1920 |
| 18:35 | Create | Unit 1920 |
| 18:35 | Create | Unit 1920 |
| 18:37 | Create | Unit 1920 |
| 18:42 | Build | Lumber Camp |
| 18:50 | Create | Unit 1920 |
| 18:56 | Create | Villager (Male) |
| 18:59 | Build | House |
| 19:19 | Create | Villager (Male) |
| 19:21 | Build | Siege Workshop |
| 19:46 | Create | Villager (Male) |
| 19:55 | Create | Villager (Male) |
| 20:01 | Build | Town Center |
| 20:08 | Build | Pasture |
| 20:24 | Create | Villager (Male) |
| 20:34 | Build | Siege Workshop |
| 20:39 | Build | Pasture |
| 20:44 | Create | Villager (Male) |
| 20:57 | Create | Villager (Male) |
| 21:12 | Create | Villager (Male) |
| 21:20 | Create | Battering Ram |
| 21:22 | Create | Villager (Male) |
| 21:32 | Create | Villager (Male) |
| 21:35 | Create | Villager (Male) |
| 21:39 | Build | House |
| 21:39 | Build | House |
| 21:40 | Build | House |
| 22:05 | Create | Villager (Male) |
| 22:12 | Build | Pasture |
| 22:12 | Build | Pasture |
| 22:12 | Build | Pasture |
| 22:12 | Build | Pasture |
| 22:12 | Build | Pasture |
| 22:13 | Build | Pasture |
| 22:13 | Build | Pasture |
| 22:13 | Build | Pasture |
| 22:13 | Build | Pasture |
| 22:14 | Build | Pasture |
| 22:14 | Build | Pasture |
| 22:14 | Build | Pasture |
| 22:14 | Build | Pasture |
| 22:24 | Create | Villager (Male) |
| 22:30 | Create | Villager (Male) |
| 22:32 | Create | Villager (Male) |
| 22:42 | Build | Outpost |
| 22:43 | Build | Outpost |
| 22:48 | Create | Iron Pagoda |
| 22:50 | Create | Villager (Male) |
| 22:57 | Build | Pasture |
| 23:07 | Build | Barracks |
| 23:09 | Create | Villager (Male) |
| 23:23 | Build | Castle |
| 23:29 | Create | Villager (Male) |
| 23:29 | Create | Villager (Male) |
| 23:41 | Create | Villager (Male) |
Build order — jtdesign8
72 actions detected in the replay
| 0:01 | Research | Loom |
| 0:02 | Create | Villager (Male) |
| 0:02 | Create | Villager (Male) |
| 0:02 | Create | Villager (Male) |
| 0:05 | Build | House |
| 0:06 | Build | House |
| 0:33 | Create | Villager (Male) |
| 0:34 | Create | Villager (Male) |
| 1:08 | Build | House |
| 1:22 | Build | Lumber Camp |
| 1:50 | Create | Villager (Male) |
| 1:50 | Create | Villager (Male) |
| 2:23 | Create | Villager (Male) |
| 2:24 | Create | Villager (Male) |
| 2:49 | Create | Villager (Male) |
| 2:49 | Create | Villager (Male) |
| 3:15 | Create | Villager (Male) |
| 3:15 | Create | Villager (Male) |
| 3:16 | Create | Villager (Male) |
| 3:58 | Create | Villager (Male) |
| 3:58 | Create | Villager (Male) |
| 4:23 | Create | Villager (Male) |
| 4:23 | Create | Villager (Male) |
| 4:23 | Create | Villager (Male) |
| 4:24 | Create | Villager (Male) |
| 5:26 | Create | Villager (Male) |
| 5:26 | Create | Villager (Male) |
| 5:26 | Create | Villager (Male) |
| 6:18 | Build | Mining Camp |
| 6:24 | Create | Villager (Male) |
| 7:06 | Research | Feudal Age |
| 7:06 | Research | Feudal Age |
| 8:07 | Create | Villager (Male) |
| 8:08 | Create | Villager (Male) |
| 8:08 | Create | Villager (Male) |
| 8:08 | Create | Villager (Male) |
| 8:09 | Create | Villager (Male) |
| 8:43 | Build | House |
| 9:16 | Age | Feudal Age |
| 9:21 | Build | Watch Tower |
| 9:45 | Build | Watch Tower |
| 10:03 | Create | Villager (Male) |
| 10:04 | Create | Villager (Male) |
| 10:04 | Create | Villager (Male) |
| 10:21 | Build | Watch Tower |
| 11:00 | Build | Watch Tower |
| 11:25 | Create | Villager (Male) |
| 11:25 | Create | Villager (Male) |
| 11:25 | Create | Villager (Male) |
| 12:11 | Create | Villager (Male) |
| 12:12 | Create | Villager (Male) |
| 12:23 | Build | Mill |
| 12:33 | Create | Villager (Male) |
| 12:33 | Create | Villager (Male) |
| 13:21 | Create | Villager (Male) |
| 13:28 | Build | House |
| 13:59 | Create | Villager (Male) |
| 14:00 | Create | Villager (Male) |
| 14:26 | Build | House |
| 14:34 | Create | Villager (Male) |
| 14:45 | Build | Watch Tower |
| 14:54 | Create | Villager (Male) |
| 14:54 | Create | Villager (Male) |
| 14:54 | Create | Villager (Male) |
| 15:26 | Create | Villager (Male) |
| 16:14 | Create | Villager (Male) |
| 16:14 | Create | Villager (Male) |
| 16:36 | Create | Villager (Male) |
| 16:36 | Create | Villager (Male) |
| 16:44 | Build | Mill |
| 17:14 | Create | Villager (Male) |
| 17:14 | Create | Villager (Male) |
Build order — Clancy |-/
First 150 of 388 actions detected
| 0:02 | Create | Villager (Male) |
| 0:02 | Create | Villager (Male) |
| 0:06 | Build | House |
| 0:07 | Create | Villager (Male) |
| 0:10 | Build | House |
| 0:18 | Create | Villager (Male) |
| 0:18 | Create | Villager (Male) |
| 1:27 | Create | Villager (Male) |
| 1:51 | Build | Lumber Camp |
| 2:05 | Create | Villager (Male) |
| 2:06 | Create | Villager (Male) |
| 2:21 | Create | Villager (Male) |
| 3:01 | Create | Villager (Male) |
| 3:23 | Build | House |
| 3:25 | Build | House |
| 3:38 | Create | Villager (Male) |
| 3:38 | Create | Villager (Male) |
| 3:38 | Create | Villager (Male) |
| 4:16 | Create | Villager (Male) |
| 4:55 | Create | Villager (Male) |
| 4:56 | Create | Villager (Male) |
| 5:01 | Build | Mill |
| 5:11 | Create | Villager (Male) |
| 5:18 | Create | Villager (Male) |
| 6:42 | Build | Mill |
| 6:45 | Create | Villager (Male) |
| 6:47 | Create | Villager (Male) |
| 7:27 | Build | Palisade Gate |
| 7:44 | Build | House |
| 7:45 | Create | Villager (Male) |
| 8:00 | Create | Villager (Male) |
| 8:20 | Build | Palisade Wall |
| 8:24 | Research | Loom |
| 8:24 | Research | Feudal Age |
| 8:40 | Build | Mining Camp |
| 9:03 | Build | House |
| 9:36 | Build | Palisade Gate |
| 9:53 | Build | House |
| 10:10 | Build | Palisade Wall |
| 10:19 | Build | Palisade Gate |
| 10:23 | Build | Palisade Wall |
| 10:27 | Build | House |
| 10:45 | Age | Feudal Age |
| 10:51 | Build | Watch Tower |
| 10:58 | Research | Loom |
| 11:11 | Build | House |
| 12:05 | Create | Villager (Male) |
| 12:09 | Build | Market |
| 12:13 | Build | Blacksmith |
| 12:17 | Create | Villager (Male) |
| 12:45 | Build | Farm |
| 12:46 | Create | Villager (Male) |
| 12:56 | Build | Farm |
| 13:04 | Research | Fletching |
| 13:26 | Create | Villager (Male) |
| 13:53 | Build | Farm |
| 13:54 | Create | Villager (Male) |
| 14:03 | Build | Mining Camp |
| 14:04 | Create | Villager (Male) |
| 14:20 | Create | Villager (Male) |
| 14:23 | Build | Farm |
| 14:53 | Build | Palisade Wall |
| 14:54 | Build | Palisade Wall |
| 14:57 | Build | Palisade Wall |
| 15:07 | Build | Farm |
| 15:08 | Create | Villager (Male) |
| 15:14 | Build | Farm |
| 15:17 | Build | Farm |
| 15:23 | Build | Farm |
| 15:34 | Build | Farm |
| 15:41 | Build | Farm |
| 15:42 | Create | Villager (Male) |
| 16:07 | Create | Villager (Male) |
| 16:09 | Research | Wheelbarrow |
| 16:13 | Research | Double-Bit Axe |
| 16:28 | Build | Farm |
| 16:33 | Build | Farm |
| 16:34 | Create | Villager (Male) |
| 16:44 | Build | Farm |
| 16:56 | Research | Forging |
| 17:00 | Build | Farm |
| 17:02 | Build | Farm |
| 17:33 | Build | Gate |
| 17:56 | Build | House |
| 18:09 | Create | Villager (Male) |
| 18:37 | Create | Villager (Male) |
| 19:26 | Research | Castle Age |
| 20:09 | Build | Palisade Wall |
| 20:21 | Build | Palisade Wall |
| 20:22 | Build | Palisade Wall |
| 20:38 | Research | Gold Mining |
| 20:40 | Research | Stone Mining |
| 20:44 | Research | Horse Collar |
| 22:06 | Age | Castle Age |
| 23:09 | Create | Villager (Male) |
| 23:09 | Create | Villager (Male) |
| 23:11 | Build | Farm |
| 23:12 | Build | Farm |
| 23:14 | Build | Farm |
| 23:15 | Create | Villager (Male) |
| 23:34 | Build | Castle |
| 23:37 | Create | Villager (Male) |
| 23:37 | Create | Villager (Male) |
| 23:43 | Build | Farm |
| 23:44 | Create | Villager (Male) |
| 23:58 | Research | Iron Casting |
| 24:01 | Create | Villager (Male) |
| 24:02 | Create | Villager (Male) |
| 24:08 | Research | Bow Saw |
| 24:11 | Research | Heavy Plow |
| 24:43 | Build | Town Center |
| 24:45 | Create | Villager (Male) |
| 24:45 | Create | Villager (Male) |
| 24:45 | Create | Villager (Male) |
| 24:47 | Build | Farm |
| 24:49 | Build | Farm |
| 24:51 | Create | Villager (Male) |
| 24:53 | Build | Lumber Camp |
| 25:00 | Create | Villager (Male) |
| 25:00 | Create | Villager (Male) |
| 25:15 | Create | Villager (Male) |
| 25:15 | Create | Villager (Male) |
| 25:26 | Build | Farm |
| 25:28 | Create | Villager (Male) |
| 25:29 | Create | Villager (Male) |
| 25:37 | Create | Villager (Male) |
| 25:48 | Create | Villager (Male) |
| 25:49 | Create | Villager (Male) |
| 26:44 | Create | Villager (Male) |
| 26:45 | Create | Villager (Male) |
| 26:47 | Build | Farm |
| 26:47 | Build | Farm |
| 26:50 | Create | Petard |
| 26:50 | Create | Petard |
| 26:50 | Create | Petard |
| 26:53 | Create | Petard |
| 27:32 | Create | Villager (Male) |
| 27:32 | Create | Villager (Male) |
| 27:33 | Create | Villager (Male) |
| 27:51 | Build | Farm |
| 27:51 | Create | Villager (Male) |
| 27:51 | Create | Villager (Male) |
| 28:31 | Build | Castle |
| 28:49 | Build | Castle |
| 29:02 | Build | Farm |
| 29:03 | Build | Farm |
| 29:04 | Create | Villager (Male) |
| 29:04 | Create | Villager (Male) |
| 29:04 | Create | Villager (Male) |
| 29:06 | Build | Farm |
Build order — •ST4•
First 150 of 373 actions detected
| 0:01 | Create | Villager (Male) ×4 |
| 0:03 | Build | House |
| 0:04 | Build | House |
| 1:32 | Create | Villager (Male) |
| 1:33 | Create | Villager (Male) |
| 1:50 | Create | Villager (Male) |
| 1:50 | Create | Villager (Male) |
| 2:01 | Build | Lumber Camp |
| 2:13 | Create | Villager (Male) |
| 2:56 | Create | Villager (Male) |
| 3:02 | Create | Villager (Male) |
| 3:03 | Create | Villager (Male) |
| 3:38 | Build | House |
| 3:48 | Create | Villager (Male) |
| 3:49 | Create | Villager (Male) |
| 3:49 | Create | Villager (Male) |
| 4:34 | Create | Villager (Male) |
| 4:50 | Create | Villager (Male) |
| 5:16 | Create | Villager (Male) |
| 5:36 | Build | Mill |
| 5:44 | Create | Villager (Male) |
| 5:44 | Create | Villager (Male) |
| 6:20 | Create | Villager (Male) |
| 6:38 | Build | House |
| 6:44 | Research | Loom |
| 6:46 | Create | Villager (Male) |
| 7:49 | Research | Feudal Age |
| 8:01 | Create | Villager (Male) |
| 8:59 | Build | House |
| 9:30 | Build | Palisade Wall |
| 9:38 | Build | Lumber Camp |
| 9:59 | Age | Feudal Age |
| 10:06 | Build | Market |
| 10:11 | Build | Blacksmith |
| 10:12 | Create | Villager (Male) |
| 10:29 | Create | Villager (Male) |
| 10:50 | Build | House |
| 10:54 | Build | Palisade Wall |
| 11:04 | Build | Palisade Wall |
| 11:08 | Create | Villager (Male) |
| 11:26 | Build | Farm |
| 11:29 | Build | Farm |
| 11:34 | Build | Farm |
| 11:54 | Build | Farm |
| 12:21 | Build | Mill |
| 12:53 | Build | Farm |
| 12:54 | Build | Farm |
| 13:16 | Build | Palisade Gate |
| 13:21 | Build | House |
| 13:34 | Research | Castle Age |
| 14:05 | Build | House |
| 14:26 | Research | Double-Bit Axe |
| 15:14 | Research | Horse Collar |
| 16:14 | Age | Castle Age |
| 16:17 | Create | Villager (Male) |
| 16:22 | Build | Town Center |
| 16:29 | Build | Town Center |
| 16:33 | Create | Villager (Male) |
| 16:43 | Build | House |
| 16:46 | Build | House |
| 16:53 | Build | Farm |
| 16:54 | Build | Farm |
| 16:57 | Build | Farm |
| 16:58 | Build | Farm |
| 17:23 | Create | Villager (Male) |
| 17:27 | Research | Bow Saw |
| 17:38 | Create | Villager (Male) ×5 |
| 17:51 | Create | Villager (Male) |
| 17:56 | Create | Villager (Male) ×2 |
| 18:07 | Create | Villager (Male) ×2 |
| 18:21 | Build | Farm |
| 18:26 | Build | Farm |
| 18:30 | Create | Villager (Male) |
| 18:39 | Create | Villager (Male) |
| 18:45 | Build | Farm |
| 18:52 | Build | Farm |
| 18:54 | Build | Farm |
| 18:55 | Build | Farm |
| 18:58 | Build | Farm |
| 18:59 | Create | Villager (Male) ×2 |
| 19:14 | Create | Villager (Male) ×2 |
| 19:18 | Build | Farm |
| 19:22 | Build | Farm |
| 19:27 | Create | Villager (Male) |
| 19:34 | Create | Villager (Male) |
| 19:54 | Create | Villager (Male) ×2 |
| 20:01 | Create | Villager (Male) |
| 20:09 | Create | Villager (Male) |
| 20:20 | Build | Barracks |
| 20:31 | Create | Villager (Male) ×3 |
| 20:38 | Create | Villager (Male) ×2 |
| 20:42 | Build | Farm |
| 20:43 | Build | Farm |
| 20:44 | Build | Farm |
| 20:44 | Build | Farm |
| 20:45 | Build | Farm |
| 20:54 | Create | Villager (Male) ×2 |
| 21:14 | Create | Villager (Male) |
| 21:22 | Create | Villager (Male) ×2 |
| 21:34 | Build | Town Center |
| 21:38 | Research | Wheelbarrow |
| 21:46 | Build | House |
| 22:05 | Create | Villager (Male) |
| 22:10 | Research | Heavy Plow |
| 22:22 | Create | Villager (Male) ×4 |
| 22:38 | Build | Farm |
| 22:39 | Build | Farm |
| 22:39 | Build | Farm |
| 22:39 | Build | Farm |
| 22:41 | Create | Villager (Male) ×3 |
| 22:54 | Create | Villager (Male) |
| 23:02 | Build | Monastery |
| 23:06 | Create | Villager (Male) ×3 |
| 23:18 | Build | Palisade Wall |
| 23:30 | Create | Villager (Male) ×5 |
| 23:36 | Create | Monk |
| 23:52 | Create | Missionary |
| 23:55 | Create | Villager (Male) ×5 |
| 24:06 | Build | Monastery |
| 24:10 | Build | House |
| 24:12 | Build | House |
| 24:13 | Build | House |
| 24:14 | Build | House |
| 24:14 | Build | House |
| 24:19 | Build | House |
| 24:23 | Create | Villager (Male) ×5 |
| 24:29 | Research | Hand Cart |
| 24:34 | Build | House |
| 24:35 | Build | House |
| 24:36 | Build | House |
| 24:37 | Build | House |
| 24:38 | Create | Monk |
| 24:40 | Create | Missionary |
| 24:43 | Create | Villager (Male) ×4 |
| 24:50 | Build | House |
| 24:52 | Build | House |
| 24:53 | Build | House |
| 25:12 | Build | Siege Workshop |
| 25:15 | Build | House |
| 25:21 | Create | Villager (Male) ×5 |
| 25:41 | Build | Barracks |
| 25:43 | Research | Scale Mail Armor |
| 25:45 | Create | Villager (Male) |
| 25:45 | Create | Villager (Male) |
| 25:46 | Create | Villager (Male) |
| 25:51 | Build | Barracks |
| 25:58 | Create | Missionary |
| 26:17 | Create | Villager (Male) |
| 26:18 | Create | Villager (Male) |
| 26:21 | Research | Pikeman (upgrade) |
Build order — [Traidor] Christoffel
First 150 of 450 actions detected
| 0:02 | Create | Villager (Male) |
| 0:02 | Create | Villager (Male) |
| 0:03 | Create | Villager (Male) |
| 0:05 | Build | House |
| 0:07 | Build | House |
| 0:23 | Create | Villager (Male) |
| 1:24 | Create | Villager (Male) |
| 1:25 | Create | Villager (Male) |
| 1:58 | Create | Villager (Male) |
| 1:58 | Create | Villager (Male) |
| 2:01 | Build | Lumber Camp |
| 2:23 | Create | Villager (Male) |
| 2:24 | Create | Villager (Male) |
| 2:38 | Create | Villager (Male) |
| 2:39 | Create | Villager (Male) |
| 3:07 | Create | Villager (Male) |
| 3:07 | Create | Villager (Male) |
| 3:25 | Build | House |
| 3:35 | Create | Villager (Male) |
| 3:35 | Create | Villager (Male) |
| 4:00 | Create | Villager (Male) |
| 4:00 | Create | Villager (Male) |
| 4:04 | Build | Mill |
| 4:23 | Create | Villager (Male) |
| 4:23 | Create | Villager (Male) |
| 4:48 | Create | Villager (Male) |
| 4:49 | Create | Villager (Male) |
| 4:50 | Create | Villager (Male) |
| 5:24 | Create | Villager (Male) |
| 5:35 | Research | Loom |
| 5:53 | Create | Villager (Male) |
| 6:51 | Research | Feudal Age |
| 7:25 | Build | Barracks |
| 8:14 | Build | House |
| 9:01 | Age | Feudal Age |
| 9:05 | Build | Stable |
| 9:08 | Create | Villager (Male) |
| 9:09 | Research | Double-Bit Axe |
| 9:11 | Create | Villager (Male) |
| 9:46 | Create | Scout Cavalry |
| 9:51 | Create | Scout Cavalry |
| 9:51 | Create | Scout Cavalry |
| 10:07 | Build | Mill |
| 10:08 | Create | Scout Cavalry |
| 10:12 | Create | Villager (Male) |
| 10:12 | Create | Villager (Male) |
| 10:43 | Create | Villager (Male) |
| 10:47 | Build | Farm |
| 10:47 | Build | Farm |
| 10:48 | Build | Farm |
| 10:50 | Build | House |
| 11:39 | Create | Scout Cavalry |
| 11:55 | Create | Scout Cavalry |
| 11:56 | Create | Villager (Male) |
| 11:58 | Build | Farm |
| 11:59 | Build | Farm |
| 11:59 | Build | Farm |
| 11:59 | Build | Farm |
| 11:59 | Build | Farm |
| 12:00 | Build | Farm |
| 12:04 | Build | House |
| 12:17 | Create | Villager (Male) |
| 12:27 | Build | Farm |
| 12:38 | Create | Villager (Male) |
| 13:17 | Create | Scout Cavalry |
| 13:41 | Create | Scout Cavalry |
| 13:42 | Create | Villager (Male) |
| 13:43 | Create | Villager (Male) |
| 13:54 | Create | Villager (Male) |
| 14:01 | Build | House |
| 14:05 | Build | Blacksmith |
| 14:19 | Create | Villager (Male) |
| 14:23 | Build | Farm |
| 14:45 | Create | Villager (Male) |
| 14:48 | Build | Farm |
| 15:05 | Create | Scout Cavalry |
| 15:22 | Create | Scout Cavalry |
| 15:23 | Create | Villager (Male) |
| 15:37 | Create | Scout Cavalry |
| 15:39 | Create | Villager (Male) |
| 15:49 | Create | Villager (Male) |
| 15:53 | Create | Villager (Male) |
| 15:56 | Build | Farm |
| 15:58 | Build | Farm |
| 16:23 | Build | House |
| 16:26 | Build | House |
| 16:28 | Build | House |
| 16:29 | Build | Palisade Wall |
| 16:31 | Build | Palisade Wall |
| 16:59 | Create | Villager (Male) |
| 17:01 | Create | Scout Cavalry |
| 17:33 | Build | Mining Camp |
| 17:49 | Create | Scout Cavalry |
| 18:09 | Create | Villager (Male) |
| 18:19 | Build | Market |
| 18:27 | Create | Villager (Male) |
| 18:40 | Create | Scout Cavalry |
| 19:08 | Create | Scout Cavalry |
| 19:09 | Create | Villager (Male) |
| 19:20 | Build | Farm |
| 19:20 | Build | Farm |
| 19:20 | Build | Farm |
| 19:21 | Build | Farm |
| 19:21 | Build | Farm |
| 19:39 | Research | Castle Age |
| 20:32 | Build | Stable |
| 20:38 | Build | Palisade Gate |
| 20:42 | Build | Palisade Wall |
| 20:49 | Research | Horse Collar |
| 21:00 | Build | Farm |
| 22:12 | Create | Villager (Male) |
| 22:19 | Build | Farm |
| 22:19 | Age | Castle Age |
| 22:20 | Build | Farm |
| 22:22 | Create | Knight |
| 22:23 | Create | Knight |
| 22:32 | Create | Villager (Male) |
| 22:33 | Research | Bow Saw |
| 22:39 | Create | Knight |
| 22:43 | Research | Scale Barding Armor |
| 22:54 | Create | Knight |
| 23:01 | Create | Villager (Male) |
| 23:05 | Build | House |
| 23:07 | Build | House |
| 23:23 | Create | Villager (Male) |
| 23:24 | Create | Villager (Male) |
| 23:25 | Create | Knight |
| 23:34 | Research | Bloodlines |
| 24:09 | Build | Town Center |
| 24:29 | Create | Villager (Male) |
| 24:31 | Create | Knight |
| 24:32 | Create | Knight |
| 24:36 | Research | Gold Mining |
| 24:41 | Build | Farm |
| 24:42 | Build | Farm |
| 24:43 | Create | Villager (Male) |
| 24:45 | Create | Villager (Male) |
| 25:01 | Create | Villager (Male) |
| 25:05 | Create | Knight |
| 25:12 | Build | Farm |
| 25:20 | Create | Villager (Male) |
| 25:26 | Create | Villager (Male) |
| 25:30 | Create | Knight |
| 25:36 | Build | Farm |
| 25:59 | Create | Villager (Male) |
| 26:08 | Build | Farm |
| 26:15 | Research | Wheelbarrow |
| 26:32 | Create | Knight |
| 26:34 | Create | Knight |
| 26:40 | Create | Villager (Male) |
Build order — Jason Bourne
First 150 of 369 actions detected
| 0:06 | Research | Loom |
| 0:06 | Create | Villager (Male) |
| 0:07 | Create | Villager (Male) |
| 0:17 | Build | House |
| 0:19 | Build | House |
| 0:54 | Create | Villager (Male) |
| 1:27 | Create | Villager (Male) |
| 2:02 | Create | Villager (Male) |
| 2:13 | Build | Lumber Camp |
| 2:44 | Create | Villager (Male) |
| 3:15 | Create | Villager (Male) |
| 3:36 | Create | Villager (Male) |
| 4:06 | Create | Villager (Male) |
| 4:31 | Create | Villager (Male) |
| 4:36 | Build | House |
| 4:37 | Build | House |
| 4:50 | Create | Villager (Male) |
| 5:11 | Create | Villager (Male) |
| 5:25 | Build | Mill |
| 5:37 | Create | Villager (Male) |
| 5:38 | Create | Villager (Male) |
| 5:39 | Create | Villager (Male) |
| 6:34 | Create | Villager (Male) |
| 7:02 | Create | Villager (Male) |
| 7:35 | Create | Villager (Male) |
| 7:44 | Create | Villager (Male) |
| 7:49 | Build | House |
| 8:43 | Create | Villager (Male) |
| 9:09 | Build | Mining Camp |
| 9:11 | Create | Villager (Male) |
| 9:35 | Build | Barracks |
| 10:48 | Create | Villager (Male) |
| 10:48 | Create | Villager (Male) |
| 11:04 | Research | Feudal Age |
| 13:23 | Age | Feudal Age |
| 13:25 | Build | Archery Range |
| 13:30 | Build | Blacksmith |
| 13:33 | Create | Villager (Male) |
| 13:33 | Create | Villager (Male) |
| 13:45 | Build | Farm |
| 13:47 | Build | Farm |
| 13:48 | Build | Farm |
| 13:53 | Research | Horse Collar |
| 14:13 | Research | Castle Age |
| 14:13 | Research | Castle Age |
| 14:24 | Build | Farm |
| 14:27 | Build | Farm |
| 14:33 | Build | Farm |
| 14:55 | Build | Farm |
| 15:05 | Build | Farm |
| 15:08 | Build | Farm |
| 15:12 | Create | Spearman |
| 15:40 | Create | Spearman |
| 16:08 | Create | Spearman |
| 16:35 | Research | Double-Bit Axe |
| 16:35 | Research | Double-Bit Axe |
| 17:03 | Age | Castle Age |
| 17:08 | Build | University |
| 17:14 | Research | Crossbowman (upgrade) |
| 17:25 | Build | Farm |
| 17:27 | Build | Farm |
| 18:05 | Create | Villager (Male) |
| 18:09 | Build | House |
| 18:10 | Build | House |
| 18:14 | Research | Ballistics |
| 18:23 | Create | Spearman |
| 19:00 | Build | Town Center |
| 19:01 | Create | Villager (Male) |
| 19:22 | Create | Villager (Male) |
| 19:52 | Research | Thumb Ring |
| 20:06 | Create | Villager (Male) |
| 20:28 | Build | Town Center |
| 20:34 | Create | Villager (Male) |
| 20:37 | Build | Farm |
| 20:55 | Create | Villager (Male) |
| 20:58 | Build | Farm |
| 21:01 | Create | Villager (Male) |
| 21:15 | Build | Farm |
| 21:25 | Build | House |
| 21:25 | Build | House |
| 21:28 | Create | Archer |
| 21:32 | Research | Fletching |
| 22:08 | Create | Villager (Male) |
| 22:09 | Create | Villager (Male) |
| 22:14 | Create | Archer |
| 22:17 | Build | Farm |
| 22:25 | Research | Wheelbarrow |
| 22:31 | Create | Spearman |
| 22:34 | Create | Villager (Male) |
| 22:37 | Build | Farm |
| 22:48 | Build | Gate |
| 22:54 | Create | Villager (Male) |
| 22:59 | Create | Villager (Male) |
| 23:03 | Build | Farm |
| 23:07 | Build | Farm |
| 23:10 | Create | Villager (Male) |
| 23:21 | Research | Scale Mail Armor |
| 23:26 | Create | Villager (Male) |
| 23:37 | Build | Farm |
| 23:51 | Build | Stone Wall |
| 23:55 | Create | Spearman |
| 23:56 | Create | Archer |
| 24:00 | Create | Villager (Male) |
| 24:02 | Build | Farm |
| 24:06 | Build | Farm |
| 24:09 | Create | Villager (Male) |
| 24:29 | Research | Pikeman (upgrade) |
| 24:42 | Create | Archer |
| 24:47 | Research | Bodkin Arrow |
| 24:52 | Build | Farm |
| 24:53 | Build | Farm |
| 24:58 | Build | Farm |
| 24:59 | Create | Villager (Male) |
| 25:06 | Create | Archer |
| 25:19 | Create | Villager (Male) |
| 25:23 | Create | Spearman |
| 25:24 | Create | Villager (Male) |
| 25:28 | Create | Villager (Male) |
| 25:40 | Create | Villager (Male) |
| 25:46 | Research | Forging |
| 25:49 | Create | Spearman |
| 25:57 | Build | House |
| 25:58 | Build | House |
| 25:58 | Build | House |
| 26:10 | Create | Archer |
| 26:15 | Create | Villager (Male) |
| 26:21 | Build | House |
| 26:22 | Build | House |
| 26:23 | Build | House |
| 26:28 | Build | House |
| 26:28 | Create | Villager (Male) |
| 26:29 | Create | Villager (Male) |
| 26:43 | Create | Villager (Male) |
| 26:49 | Build | Gate |
| 26:51 | Build | Stone Wall |
| 26:55 | Create | Villager (Male) |
| 27:02 | Research | Padded Archer Armor |
| 27:05 | Create | Villager (Male) |
| 27:22 | Create | Archer |
| 27:25 | Create | Villager (Male) |
| 27:29 | Build | Archery Range |
| 27:33 | Create | Villager (Male) |
| 27:42 | Create | Villager (Male) |
| 28:02 | Build | House |
| 28:06 | Create | Archer |
| 28:21 | Create | Spearman |
| 28:23 | Create | Archer |
| 28:37 | Research | Iron Casting |
| 28:40 | Build | House |
| 28:40 | Build | House |
Build order — jerius02
First 150 of 358 actions detected
| 0:02 | Build | House |
| 0:04 | Build | House |
| 0:08 | Create | Villager (Male) |
| 0:09 | Create | Villager (Male) |
| 0:09 | Create | Villager (Male) |
| 0:09 | Create | Villager (Male) |
| 1:28 | Research | Loom |
| 2:00 | Create | Villager (Male) |
| 2:03 | Create | Villager (Male) |
| 3:04 | Create | Villager (Male) |
| 3:05 | Create | Villager (Male) |
| 3:18 | Build | Lumber Camp |
| 3:47 | Build | House |
| 3:54 | Create | Villager (Male) |
| 3:55 | Create | Villager (Male) |
| 3:55 | Create | Villager (Male) |
| 4:10 | Create | Villager (Male) |
| 4:15 | Build | House |
| 4:53 | Create | Villager (Male) |
| 5:40 | Build | Mill |
| 5:44 | Create | Villager (Male) |
| 5:44 | Create | Villager (Male) |
| 5:45 | Create | Villager (Male) |
| 6:21 | Create | Villager (Male) |
| 6:54 | Build | Lumber Camp |
| 7:03 | Create | Villager (Male) |
| 7:43 | Create | Villager (Male) |
| 8:02 | Build | House |
| 8:13 | Create | Villager (Male) |
| 8:40 | Create | Villager (Male) |
| 9:19 | Build | Barracks |
| 9:32 | Research | Feudal Age |
| 9:40 | Build | Barracks |
| 9:57 | Create | Villager (Male) |
| 9:58 | Create | Villager (Male) |
| 10:04 | Build | Mining Camp |
| 10:23 | Build | Palisade Wall |
| 10:34 | Build | Palisade Wall |
| 10:45 | Build | Palisade Wall |
| 10:47 | Create | Villager (Male) |
| 11:10 | Build | Farm |
| 11:13 | Build | Farm |
| 11:25 | Build | House |
| 11:31 | Create | Villager (Male) |
| 11:42 | Age | Feudal Age |
| 11:48 | Create | Villager (Male) |
| 11:59 | Build | Blacksmith |
| 12:27 | Build | Market |
| 13:09 | Build | Farm |
| 13:09 | Create | Villager (Male) |
| 13:28 | Create | Villager (Male) |
| 13:49 | Create | Villager (Male) |
| 13:58 | Build | Farm |
| 14:08 | Create | Villager (Male) |
| 14:22 | Create | Villager (Male) |
| 14:28 | Build | Farm |
| 14:30 | Build | Farm |
| 14:41 | Build | Farm |
| 14:45 | Build | Farm |
| 14:46 | Create | Villager (Male) |
| 14:58 | Build | House |
| 15:01 | Build | House |
| 15:03 | Create | Villager (Male) |
| 15:15 | Build | Farm |
| 15:21 | Build | Farm |
| 15:25 | Create | Villager (Male) |
| 15:53 | Research | Castle Age |
| 16:08 | Build | Farm |
| 16:28 | Build | Stable |
| 16:42 | Build | Farm |
| 16:43 | Build | Farm |
| 17:20 | Build | Stable |
| 18:12 | Create | Villager (Male) |
| 18:12 | Create | Villager (Male) |
| 18:57 | Age | Castle Age |
| 19:08 | Build | Town Center |
| 19:16 | Research | Husbandry |
| 19:18 | Research | Bloodlines |
| 19:29 | Create | Battle Elephant |
| 19:29 | Create | Battle Elephant |
| 19:30 | Create | Battle Elephant |
| 19:32 | Create | Villager (Male) |
| 19:39 | Create | Villager (Male) |
| 19:50 | Build | Farm |
| 19:51 | Build | Farm |
| 19:51 | Build | Farm |
| 19:51 | Build | Farm |
| 19:51 | Build | Farm |
| 19:57 | Create | Villager (Male) |
| 19:58 | Create | Villager (Male) |
| 20:06 | Research | Scale Barding Armor |
| 20:06 | Research | Forging |
| 20:20 | Create | Villager (Male) |
| 20:20 | Create | Villager (Male) |
| 20:32 | Create | Villager (Male) |
| 20:37 | Build | Siege Workshop |
| 20:43 | Build | Mill |
| 20:48 | Create | Villager (Male) |
| 20:49 | Create | Villager (Male) |
| 21:15 | Build | University |
| 21:18 | Create | Villager (Male) |
| 21:25 | Create | Villager (Male) |
| 22:05 | Build | Town Center |
| 22:07 | Create | Villager (Male) |
| 22:07 | Create | Villager (Male) |
| 22:21 | Build | House |
| 22:24 | Build | House |
| 22:25 | Build | House |
| 22:28 | Create | Villager (Male) |
| 22:48 | Research | Chain Barding Armor |
| 22:48 | Research | Forging |
| 23:01 | Create | Villager (Male) |
| 23:15 | Build | House |
| 23:16 | Build | House |
| 23:17 | Build | House |
| 23:21 | Create | Villager (Male) |
| 23:21 | Create | Villager (Male) |
| 23:26 | Create | Villager (Male) |
| 23:26 | Create | Villager (Male) |
| 23:36 | Build | Farm |
| 23:36 | Build | Farm |
| 23:37 | Build | Farm |
| 23:45 | Create | Villager (Male) |
| 23:46 | Create | Villager (Male) |
| 24:02 | Build | Mining Camp |
| 24:03 | Create | Villager (Male) |
| 24:04 | Create | Villager (Male) |
| 24:27 | Create | Battle Elephant |
| 24:27 | Create | Battle Elephant |
| 24:50 | Build | Farm |
| 24:51 | Create | Villager (Male) |
| 24:52 | Create | Villager (Male) |
| 25:07 | Build | Lumber Camp |
| 25:08 | Create | Villager (Male) |
| 25:09 | Create | Villager (Male) |
| 25:15 | Build | House |
| 25:16 | Build | House |
| 25:19 | Build | House |
| 25:21 | Create | Villager (Male) |
| 25:34 | Create | Battle Elephant |
| 25:34 | Create | Battle Elephant |
| 25:35 | Create | Battle Elephant |
| 25:45 | Create | Villager (Male) |
| 25:45 | Create | Villager (Male) |
| 25:47 | Create | Villager (Male) |
| 25:48 | Create | Villager (Male) |
| 26:19 | Create | Villager (Male) |
| 26:19 | Create | Villager (Male) |
| 26:20 | Create | Villager (Male) |
| 26:26 | Build | Farm |
Build order — 黑石塔
95 actions detected in the replay
| 0:05 | Create | Villager (Male) |
| 0:05 | Create | Villager (Male) |
| 0:06 | Build | House |
| 0:08 | Build | House |
| 0:27 | Create | Villager (Male) ×2 |
| 1:43 | Create | Villager (Male) |
| 1:43 | Create | Villager (Male) |
| 2:15 | Build | Lumber Camp |
| 2:17 | Create | Villager (Male) |
| 2:18 | Create | Villager (Male) |
| 2:39 | Create | Villager (Male) |
| 3:14 | Build | House |
| 3:18 | Create | Villager (Male) |
| 3:19 | Create | Villager (Male) |
| 3:22 | Create | Villager (Male) |
| 3:22 | Create | Villager (Male) |
| 3:47 | Build | House |
| 3:55 | Create | Villager (Male) |
| 3:56 | Create | Villager (Male) |
| 4:19 | Create | Villager (Male) |
| 4:19 | Create | Villager (Male) |
| 4:27 | Build | House |
| 4:47 | Create | Villager (Male) |
| 4:48 | Create | Villager (Male) |
| 5:07 | Build | Palisade Wall |
| 5:12 | Create | Villager (Male) |
| 5:12 | Create | Villager (Male) |
| 5:17 | Research | Loom |
| 5:46 | Create | Villager (Male) ×3 |
| 5:46 | Create | Villager (Male) ×4 |
| 6:04 | Build | Lumber Camp |
| 6:20 | Create | Villager (Male) ×2 |
| 6:20 | Create | Villager (Male) ×2 |
| 6:26 | Build | Palisade Wall |
| 7:16 | Build | House |
| 7:39 | Build | Mill |
| 7:54 | Build | Palisade Wall |
| 8:18 | Create | Villager (Male) |
| 8:20 | Create | Villager (Male) |
| 8:52 | Build | Mining Camp |
| 9:24 | Research | Feudal Age |
| 9:27 | Build | Mill |
| 10:22 | Create | Villager (Male) |
| 10:22 | Create | Villager (Male) |
| 10:54 | Build | Mill |
| 11:38 | Age | Feudal Age |
| 11:45 | Build | Market |
| 12:30 | Create | Villager (Male) |
| 12:30 | Create | Villager (Male) |
| 12:35 | Build | Blacksmith |
| 12:55 | Build | Stone Wall |
| 13:23 | Research | Castle Age |
| 13:36 | Build | Mining Camp |
| 13:46 | Build | Stone Wall |
| 13:51 | Build | Stone Wall |
| 13:52 | Build | Stone Wall |
| 13:53 | Build | Stone Wall |
| 13:55 | Build | Stone Wall |
| 13:56 | Build | Stone Wall |
| 13:56 | Build | Stone Wall |
| 14:10 | Research | Double-Bit Axe |
| 14:39 | Build | Stone Wall |
| 14:51 | Research | Stone Mining |
| 14:54 | Research | Horse Collar |
| 15:18 | Build | Gate |
| 15:42 | Create | Villager (Male) |
| 15:43 | Create | Villager (Male) |
| 16:03 | Age | Castle Age |
| 16:23 | Build | Town Center |
| 17:03 | Build | Barracks |
| 17:04 | Create | Villager (Male) |
| 17:05 | Create | Villager (Male) |
| 17:24 | Build | Monastery |
| 18:12 | Create | Monk |
| 18:23 | Build | Palisade Wall |
| 18:28 | Build | Palisade Wall |
| 18:49 | Build | Castle |
| 19:22 | Create | Villager (Male) ×2 |
| 19:22 | Create | Villager (Male) ×2 |
| 19:26 | Build | Farm |
| 19:27 | Build | Farm |
| 19:29 | Build | Farm |
| 19:55 | Build | Farm |
| 19:56 | Build | Farm |
| 19:57 | Build | Farm |
| 20:25 | Build | Farm |
| 20:36 | Create | Villager (Male) ×3 |
| 20:36 | Create | Villager (Male) ×3 |
| 21:06 | Build | Farm |
| 21:12 | Build | Farm |
| 21:20 | Create | Villager (Male) |
| 21:21 | Create | Villager (Male) |
| 21:40 | Create | Villager (Male) |
| 21:40 | Create | Villager (Male) |
| 21:45 | Build | Town Center |
Match timeline
| 4:12 | Polenta · wall_segment Palisade Wall x1 |
| 5:02 | Polenta · wall_segment Palisade Wall x1 |
| 5:02 | Polenta · wall_segment Palisade Wall x1 |
| 5:03 | Polenta · wall_segment Palisade Wall x1 |
| 5:04 | Polenta · wall_segment Palisade Wall x1 |
| 5:07 | 黑石塔 · wall_segment Palisade Wall x17 |
| 6:26 | 黑石塔 · wall_segment Palisade Wall x1 |
| 6:56 | Polenta · wall_segment Palisade Wall x6 |
| 6:59 | Polenta · wall_segment Palisade Wall x5 |
| 7:01 | Polenta · wall_segment Palisade Wall x4 |
| 7:25 | [Traidor] Christoffel · first_building Barracks |
| 7:54 | 黑石塔 · wall_segment Palisade Wall x6 |
| 8:20 | Clancy |-/ · wall_segment Palisade Wall x5 |
| 9:01 | [Traidor] Christoffel · age_up feudal |
| 9:05 | [Traidor] Christoffel · first_building Stable |
| 9:16 | jtdesign8 · age_up feudal |
| 9:19 | jerius02 · first_building Barracks |
| 9:30 | •ST4• · wall_segment Palisade Wall x10 |
| 9:34 | Polenta · wall_segment Palisade Wall x1 |
| 9:35 | Jason Bourne · first_building Barracks |
| 9:35 | Polenta · wall_segment Palisade Wall x1 |
| 9:59 | •ST4• · age_up feudal |
| 10:00 | Polenta · wall_segment Palisade Wall x17 |
| 10:10 | Clancy |-/ · wall_segment Palisade Wall x7 |
| 10:23 | Clancy |-/ · wall_segment Palisade Wall x1 |
| 10:23 | jerius02 · wall_segment Palisade Wall x12 |
| 10:34 | jerius02 · wall_segment Palisade Wall x17 |
| 10:45 | jerius02 · wall_segment Palisade Wall x7 |
| 10:45 | Clancy |-/ · age_up feudal |
| 10:54 | •ST4• · wall_segment Palisade Wall x6 |
| 11:04 | •ST4• · wall_segment Palisade Wall x9 |
| 11:38 | 黑石塔 · age_up feudal |
| 11:42 | jerius02 · age_up feudal |
| 12:44 | Polenta · age_up feudal |
| 12:55 | 黑石塔 · wall_segment Stone Wall x9 |
| 13:23 | Jason Bourne · age_up feudal |
| 13:25 | Jason Bourne · first_building Archery Range |
| 13:46 | 黑石塔 · wall_segment Stone Wall x1 |
| 13:51 | 黑石塔 · wall_segment Stone Wall x1 |
| 13:52 | 黑石塔 · wall_segment Stone Wall x1 |
| 13:53 | 黑石塔 · wall_segment Stone Wall x1 |
| 13:55 | 黑石塔 · wall_segment Stone Wall x1 |
| 13:56 | 黑石塔 · wall_segment Stone Wall x1 |
| 13:56 | 黑石塔 · wall_segment Stone Wall x1 |
| 14:01 | Polenta · wall_segment Palisade Wall x1 |
| 14:39 | 黑石塔 · wall_segment Stone Wall x8 |
| 14:53 | Clancy |-/ · wall_segment Palisade Wall x1 |
| 14:54 | Clancy |-/ · wall_segment Palisade Wall x3 |
| 14:57 | Clancy |-/ · wall_segment Palisade Wall x6 |
| 15:42 | jerius02 · first_market_sell 100 wood |
| 15:43 | jerius02 · first_market_buy 100 food |
| 16:03 | 黑石塔 · age_up castle |
| 16:14 | •ST4• · age_up castle |
| 16:15 | Polenta · age_up castle |
| 16:17 | Polenta · first_building Castle |
| 16:28 | jerius02 · first_building Stable |
| 16:29 | [Traidor] Christoffel · wall_segment Palisade Wall x4 |
| 16:31 | [Traidor] Christoffel · wall_segment Palisade Wall x12 |
| 16:51 | Polenta · wall_segment Palisade Wall x1 |
| 17:03 | 黑石塔 · first_building Barracks |
| 17:03 | Jason Bourne · age_up castle |
| 17:24 | 黑石塔 · first_building Monastery |
| 17:42 | 黑石塔 · first_market_buy 100 stone |
| 17:48 | 黑石塔 · first_market_sell 100 food |
| 18:23 | 黑石塔 · wall_segment Palisade Wall x9 |
| 18:28 | 黑石塔 · wall_segment Palisade Wall x12 |
| 18:49 | 黑石塔 · first_building Castle |
| 18:57 | jerius02 · age_up castle |
| 19:04 | jtdesign8 · resign |
| 19:21 | Polenta · first_building Siege Workshop |
| 19:23 | [Traidor] Christoffel · first_market_sell 100 wood |
| 19:25 | [Traidor] Christoffel · first_market_buy 100 food |
| 20:09 | Clancy |-/ · wall_segment Palisade Wall x1 |
| 20:20 | •ST4• · first_building Barracks |
| 20:21 | Clancy |-/ · wall_segment Palisade Wall x1 |
| 20:22 | Clancy |-/ · wall_segment Palisade Wall x1 |
| 20:28 | Polenta · first_market_buy 100 wood |
| 20:37 | jerius02 · first_building Siege Workshop |
| 20:42 | [Traidor] Christoffel · wall_segment Palisade Wall x2 |
| 22:06 | Clancy |-/ · age_up castle |
| 22:19 | [Traidor] Christoffel · age_up castle |
| 23:02 | •ST4• · first_building Monastery |
| 23:07 | Polenta · first_building Barracks |
| 23:18 | •ST4• · wall_segment Palisade Wall x6 |
| 23:34 | Clancy |-/ · first_building Castle |
| 23:51 | Jason Bourne · wall_segment Stone Wall x13 |
| 24:05 | Polenta · first_building Archery Range |
| 25:12 | •ST4• · first_building Siege Workshop |
| 25:46 | Polenta · first_market_sell 100 food |
| 26:51 | Jason Bourne · wall_segment Stone Wall x3 |
| 27:47 | •ST4• · first_building Archery Range |
| 29:11 | Jason Bourne · wall_segment Stone Wall x2 |
| 29:46 | •ST4• · first_market_sell 100 wood |
| 29:52 | •ST4• · first_building Castle |
| 30:05 | Clancy |-/ · first_building Barracks |
| 30:28 | Clancy |-/ · first_building Siege Workshop |
| 31:25 | Clancy |-/ · first_building Stable |
| 31:38 | [Traidor] Christoffel · first_building Monastery |
| 33:03 | Jason Bourne · first_building Castle |
| 33:16 | jerius02 · first_building Castle |
| 33:17 | Polenta · first_building Monastery |
| 33:39 | Polenta · first_building Stable |
| 33:49 | •ST4• · first_building Stable |
| 34:19 | •ST4• · age_up imperial |
| 34:33 | Jason Bourne · first_market_sell 100 wood |
| 35:01 | Jason Bourne · first_market_buy 100 food |
| 35:56 | Polenta · age_up imperial |
| 37:02 | Clancy |-/ · first_market_sell 100 wood |
| 37:44 | [Traidor] Christoffel · age_up imperial |
| 37:49 | Clancy |-/ · first_market_buy 100 stone |
| 38:19 | Jason Bourne · age_up imperial |
| 39:17 | Clancy |-/ · age_up imperial |
| 39:26 | jerius02 · age_up imperial |
| 39:35 | [Traidor] Christoffel · first_building Castle |
| 42:19 | •ST4• · wall_segment Stone Wall x5 |
| 42:24 | Jason Bourne · wall_segment Stone Wall x1 |
| 42:32 | jerius02 · first_building Monastery |
| 44:30 | •ST4• · wall_segment Stone Wall x3 |
| 46:01 | •ST4• · first_market_buy 100 stone |
| 48:14 | •ST4• · wall_segment Stone Wall x7 |
| 48:15 | •ST4• · wall_segment Stone Wall x8 |
| 48:21 | •ST4• · wall_segment Stone Wall x18 |
[ AI ANALYSIS · 1 CREDIT ]
What really happened in this match?
Wolo.gg analyzes every decision: build order, eco, micro, common mistakes by bracket. Personalized analysis on WhatsApp or Discord in 30 seconds.
Civ guide
Khitans
Perfil
Polenta